 Dungeon Crawl Stone Soup version 0.30-a0-457-g4b7bca3bfa (webtiles) character file.

Game seed: 1497204033618822116

424 bmack86 the Chopper (level 6, 0/56 HPs)
             Began as a Minotaur Fighter on Dec 14, 2022.
             Slain by an orc wizard
             ... wielding a +0 dagger
              (2 damage)
             ... on level 4 of the Dungeon.
             The game lasted 00:09:24 (2837 turns).

bmack86 the Chopper (Minotaur Fighter)              Turns: 2837, Time: 00:09:26

Health: 0/56       AC:  8    Str: 22 (23) XL:     6   Next: 64%
Magic:  0/5        EV: 13    Int:  3 (5)  God:
Gold:   155        SH:  4    Dex:  7 (9)  Spells: 5/5 levels left

rFire   . . .      SeeInvis .    a - +0 war axe
rCold   . . .      Faith    .    c - +0 buckler
rNeg    . . .      Spirit   +    b - +1 scale mail
rPois   .          Reflect  .    (helmet restricted)
rElec   .          Harm     .    (no cloak)
rCorr   +          Rampage  .    (no gloves)
Will    .....                    (no boots)
Stlth   ..........               i - amulet of guardian spirit
HPRegen 0.29/turn                h - ring of resist corrosion
MPRegen 0.09/turn                r - +4 ring of evasion

@: no status effects
A: horns 2, retaliatory headbutt
a: no special abilities


You were on level 4 of the Dungeon.
You visited 1 branch of the dungeon, and saw 4 of its levels.

You collected 155 gold pieces.

Inventory:

Hand Weapons
 a - a +0 war axe (weapon)
Armour
 b - a +1 scale mail (worn)
 c - a +0 buckler (worn)
Jewellery
 h - a ring of resist corrosion (left hand)
 i - an amulet of guardian spirit (around neck)
 r - a +4 ring of evasion (right hand)
Scrolls
 d - 2 scrolls of vulnerability
 j - a scroll of teleportation
 l - a scroll of butterflies {unknown}
 p - a scroll of poison {unknown}
 q - a scroll of amnesia {unknown}
Potions
 e - 3 potions of degeneration
 f - a potion of heal wounds {unknown}
 g - a potion of flight {unknown}
 k - a potion of lignification {unknown}
 m - a potion of berserk rage
 n - 3 potions of haste
 o - a potion of curing {unknown}


   Skills:
 + Level 5.1 Fighting
 + Level 6.2 Axes
 + Level 4.8 Armour
 + Level 1.2 Dodging
 + Level 0.1 Stealth
 + Level 4.7 Shields


You had 5 spell levels left.
You didn't know any spells.
Your spell library contained the following spells:

 Spells                   Type           Power      Damage    Failure   Level
 Necrotise                Necr           0%         1d4       89%         1
 Vampiric Draining        Necr           0%         2d6       99%         3
 Agony                    Necr           0%         N/A       100%        5


Dungeon Overview and Level Annotations

Branches:
Dungeon (4/15)
 Temple: D:4-7

Altars:


Innate Abilities, Weirdness & Mutations

You have a pair of horns on your head.
You reflexively headbutt those who attack you in melee.


Message History

You hit the scorpion but do no damage. You headbutt the scorpion.
You kill the scorpion!
You completely miss the orc. You miss something. You closely miss something.
You hear some strange, mumbled words.
You are confused.
The orc hits you but does no damage. Something hits you but does no damage.
The orc misses you. Something barely misses you.
You see here a scorpion corpse.
You miss something. You barely miss something. You barely miss the orc.
Something hits you. The orc hits you with a +0 whip.
* * * LOW HITPOINT WARNING * * *
Something hits you.
* * * LOW HITPOINT WARNING * * *
You completely miss something. You barely miss the orc.
You closely miss something.
Something hits you but does no damage. x2
The orc barely misses you.
You slash the orc!
You kill the orc!
You closely miss something. You miss something.
Something hits you but does no damage. x2
Unknown command.
You feel less confused. Something hits you.
* * * LOW HITPOINT WARNING * * *
Something hits you but does no damage.
Things that are here:
a +0 flail; a +0 leather armour Something barely misses you.
Something hits you.
* * * LOW HITPOINT WARNING * * *
Something hits you.
* * * LOW HITPOINT WARNING * * *
You barely miss something. Your headbutt misses something.
You barely miss something.
You hear some strange, mumbled words.
A puff of flame appears from out of thin air!
The puff of flame hits you.
* * * LOW HITPOINT WARNING * * *
Something hits you but does no damage. Something hits you.
You die...

### ...
#####.#
#####+##)....#
........†....#
......){{....#
........@<...#
.............#
.............#
....!........+
.............#
......../....#
.............#
......$......#
.#####+#######


There were no monsters in sight!

Vanquished Creatures
  A scorpion (D:4)
  3 orc priests
  Jessica (D:2)
  An iguana (D:3)
  2 orc wizards
  Robin (D:2)
  2 adders
  A gnoll (D:3)
  An ufetubus (D:3)
  3 worms
  3 dart slugs
  8 orcs
  10 bats
  6 endoplasms
  4 giant cockroaches
  21 goblins
  11 hobgoblins
  4 jackals (D:2)
  3 quokkas
  8 ball pythons
  3 frilled lizards
  7 kobolds
  7 rats
111 creatures vanquished.

Vanquished Creatures (others)
  A fungus (D:2)
  A plant (D:2)
2 creatures vanquished.

Grand Total: 113 creatures vanquished

Notes
Turn   | Place    | Note
-------+----------+-------------------------------------------
     0 | D:1      | bmack86 the Minotaur Fighter began the quest for the Orb.
     0 | D:1      | Reached XP level 1. HP: 19/19 MP: 0/0
    66 | D:1      | Reached XP level 2. HP: 25/27 MP: 1/1
   418 | D:1      | Reached XP level 3. HP: 33/33 MP: 2/2
   447 | D:1      | Reached skill level 3 in Axes
   586 | D:2      | Noticed Jessica
   590 | D:2      | Reached XP level 4. HP: 28/40 MP: 1/3
   590 | D:2      | Noticed Robin
   595 | D:2      | Reached skill level 4 in Axes
   596 | D:2      | Killed Jessica
   603 | D:2      | Killed Robin
   776 | D:2      | Found a faded altar of an unknown god.
   778 | D:2      | Identified the +1 robe of the Seven Tables {rF+}
  1014 | D:2      | Reached XP level 5. HP: 11/46 MP: 0/4
  1026 | D:2      | Reached skill level 5 in Axes
  1298 | D:3      | Reached skill level 1 in Dodging
  1725 | D:3      | Reached XP level 6. HP: 45/53 MP: 5/5
  2826 | D:4      | Reached skill level 6 in Axes
  2829 | D:4      | Reached skill level 5 in Fighting
  2837 | D:4      | HP: 2/56 [something/puff of flame (4)]
  2837 | D:4      | Slain by an orc wizard

Illustrated notes

Levels and vault maps discovered:
D:1:      dpeg_arrival_rooms_a, layout_basic
D:2:      layout_rooms, shapermc_ecumenical_altar_acropolis, uniq_robin,
          uniq_jessica
D:3:      layout_loops_ring, minmay_joined_circles
D:4:      layout_basic, nicolae_ru_great_annihilating_truth

Skill      XL: |  1  2  3  4  5  6 |
---------------+-------------------+-----
Shields        | 4 |  4.7
Armour         | 4 |  4.8
Fighting       | 4 5 |  5.1
Axes           | 3 4 5 6 |  6.2
Dodging        | 1 |  1.2
Stealth        | |  0.1

Action                   |  1- 3 |  4- 6 || total
-------------------------+-------+-------++-------
Melee: War axe           |    76 |   123 ||   199
       Headbutt          |     7 |    17 ||    24
  Use: Scroll            |     1 |     2 ||     3
       Potion            |     1 |     1 ||     2
Armor: Scale mail        |    44 |   112 ||   156
Dodge: Dodged            |    49 |    86 ||   135
Block: Buckler           |    23 |    39 ||    62

Table legend: (Time is in decaauts)
 A = Elapsed time spent in this place.
 B = Non-inter-level travel time spent in this place.
 C = Inter-level travel time spent in this place.
 D = Time resting spent in this place.
 E = Time spent auto-exploring this place.
 F = Levels seen in this place.
 G = Mean time per level.
                   A        B        C        D        E       F      G
               +--------+--------+--------+--------+--------+-----+--------+
         Total |   2901 |   2825 |     76 |    867 |   1182 |   4 |  725.2 |
       Dungeon |   2901 |   2825 |     76 |    867 |   1182 |   4 |  725.2 |
               +--------+--------+--------+--------+--------+-----+--------+

Top non-repeatable levels by time:
     D:3: 1627 daAuts
     D:2: 690 daAuts
     D:1: 558 daAuts
     D:4: 25 daAuts
